 Dungeon Crawl Stone Soup version 0.28.0-43-g3370ac3207 (webtiles) character file.

Game seed: 12195973942042602652

11 Cykl0x the Digger (level 2, 0/15 HPs)
             Began as a Gargoyle Earth Elementalist on Mar 5, 2022.
             Slain by a gnoll
             ... wielding a +0 flail
              (7 damage)
             ... on level 1 of the Dungeon.
             The game lasted 00:00:35 (477 turns).

Cykl0x the Digger (Gargoyle Earth Elementalist)      Turns: 477, Time: 00:00:36

Health: 0/15       AC:  4    Str: 11    XL:     2   Next: 25%
Magic:  2/5        EV: 12    Int: 15    God:
Gold:   0          SH:  0    Dex: 10    Spells: 4/5 levels left

rFire   . . .      SeeInvis .   e - +0 dagger (venom)
rCold   . . .      Faith    .   (no shield)
rNeg    + . .      Spirit   .   b - +0 robe
rPois   ∞          Reflect  .   (no helmet)
rElec   +          Harm     .   (no cloak)
rCorr   .          Rampage  .   (no gloves)
Will    .....                   (no boots)
Stlth   ++........              (no amulet)
HPRegen 0.05/turn               (no ring)
MPRegen 0.09/turn               (no ring)

@: no status effects
A: sickness immunity, AC +2, negative energy resistance 1, electricity
resistance, torment resistance 1, petrification resistance
a: no special abilities


You were on level 1 of the Dungeon.
You visited 1 branch of the dungeon, and saw 1 of its levels.

Inventory:

Hand Weapons
 e - a +0 dagger of venom (weapon)
Missiles
 c - 12 stones
Armour
 b - a +0 robe (worn)
Scrolls
 d - 2 scrolls of identify {unknown}
Potions
 a - a potion of berserk rage {unknown}


   Skills:
 + Level 1.6 Dodging
 - Level 2.1 Stealth
 + Level 2.2 Spellcasting
 * Level 0.6 Conjurations
 - Level 0.7 Transmutations
 + Level 4.0 Earth Magic


You had 4 spell levels left.
You knew the following spells:

 Your Spells              Type           Power      Damage    Failure   Level
a - Sandblast             Erth           26%        2d8       4%          1

Your spell library contained the following spells:

 Spells                   Type           Power      Damage    Failure   Level
 Passwall                 Tmut/Erth      6%         N/A       12%         2
 Stone Arrow              Conj/Erth      16%        3d8       26%         3
 Petrify                  Tmut/Erth      8%         N/A       63%         4


Dungeon Overview and Level Annotations

Branches:
Dungeon (1/15)

Altars:


Innate Abilities, Weirdness & Mutations

You are immune to sickness and miasma.
Your stone body is resilient. (AC +2)
You are immune to poison.
You resist negative energy. (rN+)
You are resistant to electric shocks. (rElec)
You are resistant to unholy torment.
You are immune to petrification.


Message History

The blast of sand hits the hobgoblin.
The hobgoblin is severely wounded.
The blast of sand hits the hobgoblin!
You kill the hobgoblin!
You see here a hobgoblin corpse.
You open the door.
An endoplasm and a quokka come into view.
You can't see any susceptible monsters within range! (Use Z to cast anyway.)
You can't see any susceptible monsters within range! (Use Z to cast anyway.)
There is an open door here.
The blast of sand hits the quokka!
You kill the quokka!
Your Earth Magic skill increases to level 4!
The blast of sand hits the endoplasm!
You kill the endoplasm!
You can't see any susceptible monsters within range! (Use Z to cast anyway.)
You can't see any susceptible monsters within range! (Use Z to cast anyway.)
You open the door.
There is an open door here.
Found a stone staircase leading down.
No target in view!
A gnoll comes into view. It is wielding a +0 flail.
The gnoll shouts!
A ball python comes into view.
The gnoll moves out of view.
A ball python is nearby!
A ball python comes into view.
Found 7 gold pieces.
The ball python hisses angrily.
The gnoll hits you with a +0 flail!
You closely miss the gnoll. The gnoll completely misses you.
The blast of sand misses the gnoll.
The gnoll closely misses you.
The blast of sand hits the gnoll.
The gnoll is moderately wounded.
The gnoll completely misses you.
The blast of sand hits the gnoll.
The gnoll is heavily wounded.
The ball python bites you. The ball python barely misses you.
The gnoll hits you with a +0 flail!
You die...

..# #.# . #.# .. #######.# ..$
#.......# .. ... #.......##.#+#
##+###... #......SgS.#.#
#........ #.....$@####.#
#........ #............#
#........ #............#
#........
#...>.......####........
#.......>......'........ .
#######.########........ ..
########.########........ ...
#..#.........#..#........
....#####.#...........#.#........


You could see a gnoll and 2 ball pythons.

Vanquished Creatures
  2 endoplasms (D:1)
  A goblin (D:1)
  2 hobgoblins (D:1)
  2 quokkas (D:1)
  2 ball pythons (D:1)
9 creatures vanquished.

Notes
Turn   | Place    | Note
-------+----------+-------------------------------------------
     0 | D:1      | Cykl0x the Gargoyle Earth Elementalist began the quest for
                  | the Orb.
     0 | D:1      | Reached XP level 1. HP: 10/10 MP: 3/3
   217 | D:1      | Reached XP level 2. HP: 15/15 MP: 1/5
   434 | D:1      | Reached skill level 4 in Earth Magic
   477 | D:1      | Slain by a gnoll

Illustrated notes

Levels and vault maps discovered:
D:1:      matt_arrival_grand_opening, layout_basic

Skill      XL: |  1  2 |
---------------+-------+-----
Earth Magic    | 4 |  4.0
Dodging        | |  1.6
Stealth        | |  2.1
Spellcasting   | |  2.2
Conjurations   | |  0.6
Transmutations | |  0.7

Action                   || total
-------------------------++-------
Melee: Unarmed           ||     6
       Dagger            ||     1
 Cast: Sandblast         ||    18
Armor: Robe              ||     3
Dodge: Dodged            ||    10
